 Dungeon Crawl Stone Soup version 0.24.0-13-gcf9b3192b9 (webtiles) character file.

Game seed: 940348661772312537, levelgen mode: deterministic

373 Arum the Skirmisher (level 6, -2/56 HPs)
             Began as a Draconian Monk on Nov 9, 2019.
             Killed by nerve-wracking pain
             ... invoked by an orc priest
              (14 damage)
             ... on level 4 of the Dungeon.
             The game lasted 00:05:15 (4138 turns).

Arum the Skirmisher (Draconian Monk)                Turns: 4138, Time: 00:05:16

Health: -2/56      AC:  7    Str: 18    XL:     6   Next: 43%
Magic:  6/6        EV: 20    Int: 11    God:
Gold:   233        SH:  0    Dex: 20    Spells: 5/5 levels left

rFire    . . .     SeeInvis .     - Unarmed
rCold    . . .     Gourm    .   (no shield)
rNeg     . . .     Faith    .   (armour unavailable)
rPois    +         Spirit   .   (helmet restricted)
rElec    .         Reflect  .   n - scarf {repulsion}
rCorr    .         Harm     .   (no gloves)
MR       .....                  e - +0 pair of boots
Stlth    +++.......             (no amulet)
HPRegen  0.18/turn              c - ring of poison resistance
MPRegen  0.10/turn              (no ring)

@: mighty, agile, repel missiles
A: unfitting armour, cold-blooded, AC +6
a: no special abilities


You were on level 4 of the Dungeon.
You were hungry.

You visited 1 branch of the dungeon, and saw 5 of its levels.

You collected 233 gold pieces.

Inventory:

Missiles
 o - 2 throwing nets (quivered)
Armour
 e - a +0 pair of boots (worn)
 n - a scarf of repulsion (worn)
Jewellery
 c - a ring of poison resistance (left hand)
 q - an uncursed ring of positive energy {unknown}
Scrolls
 b - 6 scrolls of identify {unknown}
 d - a scroll of magic mapping {unknown}
 f - 2 scrolls of enchant armour {unknown}
 i - 3 scrolls of teleportation {unknown}
 j - a scroll of fear {unknown}
 k - 2 scrolls of amnesia {unknown}
 m - a scroll of immolation {unknown}
 p - a scroll of noise {unknown}
 s - a scroll of remove curse {unknown}
Potions
 l - a potion of agility
 r - 4 potions of lignification {unknown}
 t - a potion of heal wounds
Comestibles
 a - 8 rations


   Skills:
 + Level 5.4 Fighting
 + Level 4.4 Dodging
 - Level 1.7 Stealth
 + Level 4.8 Unarmed Combat


You had 5 spell levels left.
You didn't know any spells.
Your spell library contained the following spells:

 Spells                   Type           Power        Failure   Level  Hunger
 Animate Skeleton         Necr           N/A          34%         1    ##.....
 Apportation              Tloc           #.....       34%         1    ##.....
 Confusing Touch          Hex            #.....       34%         1    ##.....
 Summon Small Mammal      Summ           #...         34%         1    ##.....


Dungeon Overview and Level Annotations

Branches:
Dungeon (5/15)
 Temple: D:4-7

Altars:
Gozag


Innate Abilities, Weirdness & Mutations

Your plain brown scales are hard. (AC +6)
You cannot fit into any form of body armour.
You are cold-blooded and may be slowed by cold attacks.


Message History

The orc priest hits you but does no damage.
The orc misses you.
You hit the orc priest.
The orc priest is lightly wounded.
The orc priest misses you. The orc closely misses you.
You hit the orc priest but do no damage.
You tail-slap the orc priest.
The orc priest is lightly wounded.
The orc priest hits you with a +0 hand axe!
* * * LOW HITPOINT WARNING * * *
It was a potion of might.
You feel very mighty all of a sudden. The orc hits you but does no damage.
The orc priest hits you but does no damage.
It was a potion of agility.
You feel agile all of a sudden. The orc closely misses you.
The orc priest calls down the wrath of Beogh upon you.
Pain shoots through your body!
You die...

#....#..).......#...
#####........)......
####................
##................###
#.................#..
##...................
##oo..........###...
##oo####....####...
#@#####....###....
#####....###....#.
#...........##.
###....####..#.
#....## #.##.
#.....###....
##.....#.....
#........#..
##......[...


You could see 2 orc priests and 2 orcs.

Vanquished Creatures
  A howler monkey (D:3)
  Ijyb (D:3)
  2 orc wizards
  Robin (D:3)
  6 adders
  6 gnolls
  An ooze (D:4)
  4 worms
  A dart slug (D:2)
  7 leopard geckos
  7 orcs
  3 giant cockroaches
  18 goblins
  12 hobgoblins
  5 jackals
  4 kobolds
  4 quokkas
  4 ball pythons
  6 bats
  2 frilled lizards
  5 rats
100 creatures vanquished.

Notes
Turn   | Place    | Note
-------+----------+-------------------------------------------
     0 | D:1      | Arum the Draconian Monk began the quest for the Orb.
     0 | D:1      | Reached XP level 1. HP: 19/19 MP: 1/1
   253 | D:1      | Reached XP level 2. HP: 26/26 MP: 2/2
   613 | D:2      | Reached XP level 3. HP: 27/33 MP: 3/3
   709 | D:2      | Found a faded altar of an unknown god.
   742 | D:2      | Reached skill level 4 in Fighting
   749 | D:2      | Reached XP level 4. HP: 35/40 MP: 4/4
  2109 | D:3      | Reached XP level 5. HP: 43/47 MP: 5/5
  2302 | D:3      | Noticed Ijyb
  2380 | D:3      | Killed Ijyb
  2635 | D:3      | Noticed Robin
  2670 | D:3      | Killed Robin
  3221 | D:3      | Reached skill level 5 in Fighting
  3317 | D:3      | Reached XP level 6. HP: 11/56 MP: 6/6
  3717 | D:4      | Found an opulent altar of Gozag.
  4120 | D:5      | Entered Level 5 of the Dungeon
  4138 | D:4      | Killed from afar by an orc priest

Levels and vault maps discovered:
D:1:      enne_arrival_octagon_isle, layout_rooms, chequers_hall_statues_y
D:2:      layout_basic, chequers_ecumenical_altar_island, first_ration
D:3:      layout_loops_corners, uniq_robin, uniq_ijyb
D:4:      layout_cave_pools, nicolae_gozag_cash_rules_everything_around_me
D:5:      layout_layer_cave, grunt_dithmenos_smoke

Skill      XL: |  1  2  3  4  5 |
---------------+----------------+-----
Dodging        | 3 4 |  4.4
Fighting       | 4 5 |  5.4
Unarmed Combat | 4 |  4.8
Stealth        | |  1.7

Action                   |  1- 3 |  4- 6 || total
-------------------------+-------+-------++-------
Melee: Unarmed           |   106 |   396 ||   502
       Tailslap          |     9 |    48 ||    57
       Punch             |     1 |     6 ||     7
  Use: Potion            |       |     3 ||     3
 Stab: Sleeping          |     4 |     8 ||    12
  Eat: Chunk             |       |    10 ||    10
Armor: Skin              |    33 |   103 ||   136
Dodge: Dodged            |    68 |   269 ||   337
